 Dungeon Crawl Stone Soup version 0.23.2-40-g277498a001 (webtiles) character file.

Game seed: 17966318545808629876

13009 Curus the Martial Artist (level 12, 0/83 HPs)
             Began as a Merfolk Transmuter on Sept 21, 2019.
             Was a High Priest of Okawaru.
             Engulfed by a cloud of steam (4 damage)
             ... on level 10 of the Dungeon.
             The game lasted 01:12:24 (12664 turns).

Curus the Martial Artist (Merfolk Transmuter)      Turns: 12664, Time: 01:12:25

Health: 0/83       AC:  2    Str: 10    XL:     12   Next: 1%
Magic:  12/15      EV: 35    Int: 18    God:    Okawaru [*****.]
Gold:   559        SH:  0    Dex: 19    Spells: 4/17 levels left

rFire    . . .     SeeInvis .     - Unarmed
rCold    . . .     Gourm    .   (shield currently unavailable)
rNeg     . . .     Faith    .   (armour currently unavailable)
rPois    .         Spirit   .   (helmet currently unavailable)
rElec    .         Reflect  .   (cloak currently unavailable)
rCorr    .         Harm     .   (gloves currently unavailable)
MR       .....                  (boots currently unavailable)
Stlth    ++........             (no amulet)
HPRegen  0.23/turn              q - ring of poison resistance
MPRegen  0.14/turn              l - +4 ring of evasion

@: spider-form
A: tiny, (change form in water), (swift swim), (stealthy swim), low mp 1, robust
1, evolution 2, MP-powered wands
a: End Transformation, Heroism, Finesse, Renounce Religion


You were on level 10 of the Dungeon.
You worshipped Okawaru.
Okawaru was extremely pleased with you.
You were not hungry.
You were a venomous arachnid creature.
You visited 1 branch of the dungeon, and saw 10 of its levels.

You collected 559 gold pieces.

Inventory:

Missiles
 a - 131 arrows
Armour
 b - a +0 robe
 c - a +1 cloak (melded)
 m - a +1 pair of gloves (melded)
 n - a +0 helmet
 p - a +1 pair of boots (melded)
 x - a +1 hat (melded)
 z - a +0 robe
 F - a +1 troll leather armour (melded)
Jewellery
 d - an uncursed ring of attention
 e - an uncursed ring of flight
 l - a +4 ring of evasion (right front leg)
 q - a ring of poison resistance (left front leg)
 t - a +3 ring of intelligence
 v - a +3 ring of intelligence
 y - an uncursed ring of wizardry
 H - a -2 ring of dexterity
Wands
 w - a wand of acid (4)
 A - a wand of digging (4)
 B - a wand of iceblast (5)
 D - a wand of flame (10)
 E - a wand of polymorph (8)
Scrolls
 f - a scroll of fear
 g - 10 scrolls of identify
 o - 4 scrolls of remove curse
 u - 2 scrolls of amnesia
 C - a scroll of magic mapping
 G - a scroll of teleportation
Potions
 j - 5 potions of curing
 k - a potion of brilliance
 r - a potion of mutation
 s - a potion of haste
Comestibles
 i - 11 rations


   Skills:
 - Level 1.1 Fighting
 - Level 10.0 Dodging
 + Level 14.8 Unarmed Combat
 - Level 3.2 Spellcasting
 - Level 11.5 Transmutations
 - Level 4.7 Ice Magic
 - Level 2.3 Poison Magic


You had 4 spell levels left.
You knew the following spells:

 Your Spells              Type           Power        Failure   Level  Hunger
a - Beastly Appendage     Tmut           #####.       1%          1    None
b - Spider Form           Tmut/Pois      ####......   10%         3    ###....
c - Blade Hands           Tmut           #####.....   13%         5    ######.
d - Ice Form              Ice/Tmut       ####....     16%         4    ####...

Your spell library contained the following spells:

 Spells                   Type           Power        Failure   Level  Hunger
 Sticks to Snakes         Tmut           #####...     2%          2    ##.....
 Sting                    Conj/Pois      #...         24%         1    None
 Poisonous Vapours        Pois/Air       #.....       32%         2    ##.....
 Infusion                 Chrm           #...         34%         1    None
 Magic Dart               Conj           #...         34%         1    None
 Summon Small Mammal      Summ           #...         34%         1    None
 Blink                    Tloc           N/A          45%         2    ##.....
 Call Imp                 Summ           #.......     45%         2    ##.....
 Slow                     Hex            #.......     45%         2    ##.....
 Mephitic Cloud           Conj/Pois/Air  #.......     56%         3    ###....
 Call Canine Familiar     Summ           #.......     65%         3    ###....
 Conjure Flame            Conj/Fire      #.......     65%         3    ###....
 Summon Guardian Golem    Hex/Summ       #.......     65%         3    ###....
 Olgreb's Toxic Radiance  Pois           ##......     73%         4    ####...
 Summon Ice Beast         Ice/Summ       ##......     73%         4    ####...
 Summon Lightning Spire   Summ/Air       #.......     95%         4    ####...
 Venom Bolt               Conj/Pois      #.........   99%         5    ######.


Dungeon Overview and Level Annotations

Branches:
Dungeon (10/15)            Temple (0/1) D:7             Orc (0/2) D:10
   Lair: D:8-11

Altars:
Ashenzari
Elyvilon
Fedhas
Hepliaklqana
Nemelex Xobeh
Okawaru
Qazlal
Sif Muna
Uskayaw
Vehumet
Xom
Yredelemnul


Innate Abilities, Weirdness & Mutations

((You revert to your normal form in water))
((You are very nimble and swift while swimming.))
((You are very stealthy in the water. (Stealth+)))
Your magical capacity is low. (-10% MP)
You are robust. (+10% HP)
You rapidly evolve.
You expend magic power (3 MP) to strengthen your wands.


Message History

Unknown command.
Casting: Ice Form (safe; 8% risk of failure)
Confirm with . or Enter, or press ? or * to list all spells.
You turn into a venomous arachnid creature.
Your +1 cloak melds into your body.
Your +1 hat melds into your body.
Your +1 pair of gloves melds into your body.
Your +1 pair of boots melds into your body.
Your +1 troll leather armour melds into your body.
You are engulfed in a cloud of scalding steam.
* * * LOW HITPOINT WARNING * * *
The wyvern misses you. The wyvern bites you.
* * * LOW HITPOINT WARNING * * *
The steam dragon completely misses you. x2
Okay, then.
Unknown command.
You bite the steam dragon!
You kill the steam dragon!
Okawaru accepts your kill.
You are engulfed in a cloud of scalding steam.
You die...

###.# ##.# ###.# ### ###
## ### .###. ###
#####....#
..###.........
##.##......... #
#####.#......!.... ####
##.....†..§l§....##
...###........§#s###....
.........###.#.### ..#
.###.######..### # ##
### ####


You could see a wyvern.

Vanquished Creatures
  Gastronok (D:8)
  A yaktaur captain (D:9)
  A deep troll (D:9)
  2 unseen horrors
  Pikel (D:8)
  Joseph (D:7)
  Psyche (D:9)
  Prince Ribbit (D:5)
  A hippogriff (D:9)
  A spriggan (D:8)
  A wraith (D:10)
  Sigmund (D:6)
  5 yaks (D:9)
  3 wyverns
  A steam dragon (D:10)
  Menkaure (D:7)
  Edmund (D:6)
  A water moccasin (D:7)
  Duvessa (D:5)
  4 orc warriors
  A sky beast (D:9)
  A slave (D:7)
  2 black bears
  An ice beast (D:9)
  A necrophage (D:9)
  6 ogres
  2 centaurs (D:9)
  2 crocodiles (D:10)
  Blork the orc (D:5)
  2 big kobolds
  8 bullfrogs
  Dowan (D:5)
  A water moccasin zombie (D:5)
  4 scorpions
  9 wights
  17 killer bees
  5 howler monkeys
  5 crimson imps
  2 centaur zombies
  2 hounds
  2 jellies
  A bullfrog skeleton (D:4)
  2 centaur skeletons
  An orc priest (D:8)
  A bullfrog zombie (D:9)
  5 iguanas
  10 orc wizards
  6 worker ants
  A killer bee zombie (D:10)
  A hound zombie (D:8)
  Robin (D:4)
  2 howler monkey skeletons
  6 gnolls
  6 adders
  A worker ant simulacrum (D:9)
  An ooze (D:5)
  2 worms (D:3)
  6 dart slugs
  9 leopard geckos
  20 orcs
  2 ball pythons (D:1)
  10 giant cockroaches
  16 goblins
  9 hobgoblins
  4 jackals
  21 kobolds
  4 quokkas
  5 bats
  4 frilled lizards
  A jackal skeleton (D:8)
  2 leopard gecko skeletons
  10 rats
275 creatures vanquished.

Vanquished Creatures (others)
  An orc wizard (D:4)
1 creature vanquished.

Grand Total: 276 creatures vanquished

Notes
Turn   | Place    | Note
-------+----------+-------------------------------------------
     0 | D:1      | Curus the Merfolk Transmuter began the quest for the Orb.
     0 | D:1      | Reached XP level 1. HP: 15/15 MP: 3/3
   346 | D:1      | Reached XP level 2. HP: 21/21 MP: 5/5
   351 | D:1      | Reached skill level 4 in Unarmed Combat
  1093 | D:1      | Reached XP level 3. HP: 26/26 MP: 6/6
  1102 | D:1      | Learned a level 3 spell: Spider Form
  1466 | D:1      | HP: 1/26 [poisoned by a kobold]
  1705 | D:1      | Found a deep blue altar of Sif Muna.
  1751 | D:2      | Found a shimmering altar of Xom.
  1751 | D:2      | Found a shimmering altar of Xom.
  1846 | D:2      | Found a shimmering altar of Xom.
  1971 | D:2      | Found a stormy altar of Qazlal.
  2131 | D:2      | Found a shimmering altar of Xom.
  2134 | D:2      | Found a shimmering altar of Xom.
  2311 | D:3      | Reached skill level 1 in Poison Magic
  2338 | D:3      | Reached XP level 4. HP: 23/32 MP: 7/7
  2385 | D:3      | Found a shattered altar of Ashenzari.
  2992 | D:3      | Reached XP level 5. HP: 19/37 MP: 4/8
  3175 | D:3      | Reached skill level 5 in Unarmed Combat
  3780 | D:4      | Reached XP level 6. HP: 14/43 MP: 6/9
  3780 | D:4      | Reached skill level 6 in Unarmed Combat
  4136 | D:4      | Noticed Robin
  4535 | D:4      | Found a deep blue altar of Sif Muna.
  4771 | D:4      | Reached skill level 7 in Unarmed Combat
  4776 | D:4      | Identified Sif Muna's Disquisition on Augmentations
  4826 | D:4      | Killed Robin
  5024 | D:5      | Entered Level 5 of the Dungeon
  5034 | D:5      | Reached XP level 7. HP: 48/48 MP: 8/10
  5196 | D:5      | Noticed Prince Ribbit
  5211 | D:5      | Killed Prince Ribbit
  5211 | D:5      | Reached skill level 8 in Unarmed Combat
  5229 | D:5      | Noticed Blork the orc
  5249 | D:5      | Killed Blork the orc
  5279 | D:5      | Found a basalt altar of Yredelemnul.
  5313 | D:5      | Reached skill level 9 in Unarmed Combat
  5354 | D:5      | Noticed Duvessa
  5355 | D:5      | Noticed Dowan
  5368 | D:5      | Killed Duvessa
  5368 | D:5      | Reached XP level 8. HP: 33/54 MP: 8/11
  5374 | D:5      | Killed Dowan
  5386 | D:5      | Found a white marble altar of Elyvilon.
  5638 | D:5      | Reached skill level 10 in Unarmed Combat
  5664 | D:5      | Learned a level 5 spell: Blade Hands
  5922 | D:5      | Reached skill level 5 in Transmutations
  6049 | D:6      | Noticed Sigmund
  6141 | D:6      | Noticed Edmund
  6167 | D:6      | Killed Edmund
  6346 | D:6      | Found a sparkling altar of Nemelex Xobeh.
  6349 | D:6      | Found a hazy altar of Hepliaklqana.
  6364 | D:6      | Found a deep blue altar of Sif Muna.
  6367 | D:6      | Found an iron altar of Okawaru.
  6371 | D:6      | Became a worshipper of Warmaster Okawaru
  6481 | D:6      | Killed Sigmund
  6502 | D:6      | Found an iron altar of Okawaru.
  6528 | D:6      | Reached XP level 9. HP: 54/59 MP: 7/12
  6607 | D:6      | Found a hide-covered altar of Uskayaw.
  6938 | D:7      | Noticed Menkaure
  7136 | D:7      | Killed Menkaure
  7380 | D:7      | Reached * piety under Okawaru
  7380 | D:7      | Reached skill level 10 in Transmutations
  7619 | D:7      | Learned a level 4 spell: Ice Form
  7697 | D:7      | Reached skill level 1 in Ice Magic
  7738 | D:7      | Gained mutation: You tend to lose your temper in combat.
                  | [potion of mutation]
  7738 | D:7      | Gained mutation: You evolve. [potion of mutation]
  7738 | D:7      | Gained mutation: Your magical capacity is low. (-10% MP)
                  | [potion of mutation]
  7738 | D:7      | Gained mutation: You expend magic power (3 MP) to
                  | strengthen your wands. [potion of mutation]
  7750 | D:7      | Noticed Joseph
  7867 | D:7      | Lost mutation: You tend to lose your temper in combat.
                  | [evolution]
  7965 | D:7      | Found a blossoming altar of Fedhas.
  8171 | D:7      | Found a staircase to the Ecumenical Temple.
  8256 | D:7      | Reached ** piety under Okawaru
  8537 | D:7      | Killed Joseph
  8537 | D:7      | Reached XP level 10. HP: 24/65 MP: 10/13
  8771 | D:8      | Noticed Pikel
  8774 | D:8      | Reached skill level 5 in Dodging
  9039 | D:8      | Noticed Gastronok
  9060 | D:8      | Killed Gastronok
  9060 | D:8      | Reached *** piety under Okawaru
  9060 | D:8      | Reached **** piety under Okawaru
  9071 | D:8      | Received a gift from Okawaru
  9076 | D:8      | Reached skill level 10 in Dodging
  9474 | D:8      | Killed Pikel
  9474 | D:8      | Reached skill level 11 in Unarmed Combat
  9568 | D:8      | Reached XP level 11. HP: 56/70 MP: 9/14
  9862 | D:8      | Found a radiant altar of Vehumet.
  9957 | D:8      | Gained mutation: You rapidly evolve. [evolution]
 10212 | D:9      | Reached skill level 12 in Unarmed Combat
 10280 | D:9      | Noticed Psyche
 10295 | D:9      | Killed Psyche
 10295 | D:9      | Reached ***** piety under Okawaru
 10427 | D:9      | HP: 1/70 [yak (13)]
 11065 | D:9      | Found a runed translucent door.
 11252 | D:9      | Noticed a deep troll
 11262 | D:9      | Noticed a yaktaur captain
 11270 | D:9      | Killed an unseen horror
 11270 | D:9      | Received a gift from Okawaru
 11270 | D:9      | Reached skill level 13 in Unarmed Combat
 11274 | D:9      | HP: 3/70 [deep troll (1)]
 11278 | D:9      | Killed a deep troll
 11342 | D:8      | Gained mutation: You are robust. (+10% HP) [evolution]
 11657 | D:10     | Entered Level 10 of the Dungeon
 11839 | D:10     | Found a staircase to the Orcish Mines.
 12035 | D:9      | Killed a yaktaur captain
 12035 | D:9      | Reached skill level 14 in Unarmed Combat
 12328 | D:10     | Killed an unseen horror
 12647 | D:10     | Reached XP level 12. HP: 66/83 MP: 15/15
 12663 | D:10     | HP: 4/83 [wyvern (5)]
 12664 | D:10     | Engulfed by a cloud of steam

Skill      XL: |  1  2  3  4  5  6  7  8  9 10 11 |
---------------+----------------------------------+-----
Unarmed Combat | 4 5 7 9 10 11 14 | 14.8
Transmutations | 3 4 8 11 | 11.5
Poison Magic   | 1 2 |  2.3
Spellcasting   | 3 |  3.2
Ice Magic      | 4 |  4.7
Dodging        | 3 10 | 10.0
Fighting       | |  1.1

Action                   |  1- 3 |  4- 6 |  7- 9 | 10-12 || total
-------------------------+-------+-------+-------+-------++-------
Melee: Unarmed           |   148 |   215 |   294 |   413 ||  1070
       Headbutt          |     9 |     6 |     9 |     9 ||    33
       Punch             |     4 |     1 |     4 |    10 ||    19
       Tailslap          |       |     2 |       |       ||     2
 Cast: Beastly Appendage |    13 |    12 |     9 |    10 ||    44
       Spider Form       |     1 |     8 |    17 |     5 ||    31
       Blade Hands       |       |       |     1 |     6 ||     7
       Ice Form          |       |       |     1 |     4 ||     5
Invok: Heroism           |       |       |       |     5 ||     5
 Abil: Evoke Flight      |     1 |       |       |       ||     1
       End Transformatio |       |       |       |     1 ||     1
  Use: Scroll            |     7 |     3 |     2 |     7 ||    19
       Potion            |     5 |     2 |     4 |     4 ||    15
 Stab: Sleeping          |     4 |     2 |     1 |     1 ||     8
       Distracted        |       |       |       |     1 ||     1
  Eat: Chunk             |     2 |    10 |     5 |    13 ||    30
       Ration            |     1 |       |     2 |     2 ||     5
Armor: Robe              |    17 |    15 |    17 |    27 ||    76
       Skin              |       |     1 |     3 |    13 ||    17
       Troll leather arm |       |       |       |    14 ||    14
Dodge: Dodged            |    74 |   207 |   184 |   378 ||   843
